[Event "45th FIDE Olympiad 2024"]
[Site "Budapest"]
[Date "2024.09.11"]
[Round "1.112"]
[White "Blijstra, Willem"]
[Black "Sonis, Francesco"]
[Result "0-1"]
[ECO "A47"]
[WhiteElo "2063"]
[BlackElo "2554"]
[Annotator "TA"]
[PlyCount "62"]
[EventDate "2024.09.05"]
[EventType "team-tourn"]
[EventCountry "HUN"]
[SourceTitle "playchess.com"]
[Source "ChessBase"]
[SourceQuality "1"]
[WhiteTeam "Netherlands Antilles"]
[BlackTeam "Italy"]
[WhiteTeamCountry "AHO"]
[BlackTeamCountry "ITA"]
[TimeControl "40/5400+30:1800+30"]

1. d4 Nf6 2. Bf4 e6 3. e3 b6 4. Nf3 Be7 5. Bd3 Bb7 6. h3 c5 7. Nbd2 cxd4 8. exd4 O-O 9. O-O d6 10. c4 ({White should try} 10. Re1 $14) 10... d5 {The position is equal.} 11. b3 Nc6 12. Rc1 Ba3 13. Rb1 Bb4 (13... Nb4 $17 14. Qe2 Nxa2) 14. Be3 Rc8 15. Ne5 Be7 (15... Ne7 $15) 16. Nxc6 $11 Bxc6 17. Rc1 dxc4 18. bxc4 Qd6 19. Qb3 Rfd8 20. Rfd1 Qd7 $40 {[%mdl 128] Black has some attack.} 21. Bc2 b5 22. cxb5 Bxb5 23. Qb1 {White does not recover from this.} (23. Nf3 $15) 23... Ba3 $19 24. Nb3 Bxc1 25. Rxc1 (25. Nc5 $142 Qd5 26. Qxc1) 25... Ba4 26. Nc5 Bxc2 27. Nxd7 Bxb1 28. Nxf6+ gxf6 29. Rxb1 Rb8 30. Rd1 Rb2 31. Ra1 Rdb8 {Weighted Error Value: White=0.31/Black=0.10 (very precise) .  Mistake:       	White=3     	Black=2      Inaccurate:     	White=3     	---        OK:         	White=6     	Black=8      Best:        	White=1     	Black=3} 0-1

[Event "45th FIDE Olympiad 2024"]
[Site "Budapest"]
[Date "2024.09.11"]
[Round "1.113"]
[White "Chinchilla, Alejandro Jose"]
[Black "Stremavicius, Titas"]
[Result "0-1"]
[ECO "B67"]
[WhiteElo "2113"]
[BlackElo "2527"]
[Annotator "TA"]
[PlyCount "58"]
[EventDate "2024.09.05"]
[EventType "team-tourn"]
[EventCountry "HUN"]
[SourceTitle "playchess.com"]
[Source "ChessBase"]
[SourceQuality "1"]
[WhiteTeam "Honduras"]
[BlackTeam "Lithuania"]
[WhiteTeamCountry "HON"]
[BlackTeamCountry "LTU"]
[TimeControl "40/5400+30:1800+30"]

1. e4 c5 2. Nf3 Nc6 3. d4 cxd4 4. Nxd4 Nf6 5. Nc3 d6 6. Bg5 Bd7 7. Qd2 a6 8. O-O-O e6 9. f4 b5 10. Bxf6 gxf6 11. Kb1 Qb6 12. Nxc6 Bxc6 13. Qd3 h5 14. g3 ({Better is} 14. f5 $14) 14... b4 15. Ne2 f5 16. Bg2 Qb7 17. Nd4 {Hoping for Nxc6.} Bxe4 18. Bxe4 fxe4 (18... Qxe4 19. Qc4 Qb7 20. Nxe6 fxe6 21. Qxe6+ Be7 22. Qxf5 $11) 19. Qb3 d5 $36 {[%mdl 2048] Black has the initiative.} (19... a5 $5 20. Nxe6 fxe6 (20... a4 21. Qd5 $14) 21. Qxe6+ Qe7 22. Qg6+ Kd8 $11) 20. c4 $1 O-O-O (20... dxc4 $11 {keeps the balance.} 21. Qa4+ Ke7) 21. Rc1 ({White should try} 21. cxd5 $16 Rxd5 (21... Qxd5 $2 22. Qc2+ Qc5 23. Qxe4 $18) 22. Qc4+ (22. Rhe1 Bc5 $15) 22... Kd7 23. f5) 21... Bc5 $11 22. cxd5 Rxd5 {[%cal Oc8b8] aiming for ...Kb8!} 23. Qc4 $2 {[#] This move loses the game for White.} (23. Qa4 $1 $11 Rxd4 24. Rxc5+ Kb8 25. Rhc1) 23... Kb8 $1 $19 24. Nb3 Be3 25. Rce1 Ba7 ({Stronger than} 25... Rd3 26. Na5 Qd5 (26... Rc8 $2 27. Qxd3 exd3 28. Nxb7 $18) 27. Nc6+ Kb7 28. Qxd5 exd5 29. Nxb4 $11 (29. Ne5 d4 $11)) 26. a3 $2 (26. Rc1 {is a better chance.}) 26... Rc8 27. Qxb4 {[#]} Rb5 28. Qd6+ (28. Qxe4 Rxb3 29. Re2) 28... Ka8 29. Rc1 Rxc1+ {Weighted Error Value: White=0.73/Black=0.26 (precise) .  Loses game:     	White=1     	---        Mistake:       	White=4     	Black=1      Inaccurate:     	---       	Black=1      OK:         	White=7     	Black=4      Best:        	---       	Black=2      Strong:       	White=1     	Black=1} 0-1

[Event "45th FIDE Olympiad 2024"]
[Site "Budapest"]
[Date "2024.09.11"]
[Round "1.114"]
[White "Pultinevicius, Paulius"]
[Black "Colindres, Daniel"]
[Result "1-0"]
[ECO "E23"]
[WhiteElo "2587"]
[BlackElo "2079"]
[Annotator "TA"]
[PlyCount "91"]
[EventDate "2024.09.05"]
[EventType "team-tourn"]
[EventCountry "HUN"]
[SourceTitle "playchess.com"]
[Source "ChessBase"]
[SourceQuality "1"]
[WhiteTeam "Lithuania"]
[BlackTeam "Honduras"]
[WhiteTeamCountry "LTU"]
[BlackTeamCountry "HON"]
[TimeControl "40/5400+30:1800+30"]

1. d4 Nf6 2. c4 e6 3. Nc3 Bb4 4. Qb3 c5 5. dxc5 Nc6 6. Nf3 O-O 7. a3 Bxc5 8. Bg5 Nd4 {The position is equal.} 9. Nxd4 Bxd4 10. e3 Qa5 11. exd4 Qxg5 12. Nb5 d5 13. c5 e5 14. Qe3 Qxe3+ 15. fxe3 exd4 16. exd4 Re8+ 17. Kd2 Ne4+ 18. Kc2 {Nc7 is the strong threat.} Nf2 $1 19. Nd6 $1 $36 {[%mdl 2048] White has good play.} Re3 20. Rg1 Ne4 21. Nxc8 Rxc8 22. b4 Rc6 {aiming for ...Rf6.} 23. Bd3 Nf2 (23... Rh6 $14) 24. Rge1 $1 $16 Rce6 25. Rxe3 Rxe3 {[%mdl 4096] Endgame. KRB-KRN} 26. Bf5 {Hoping for Kd2.} g6 27. Kd2 {Against Re2+} Re7 28. Rf1 Ne4+ 29. Bxe4 Rxe4 {KR-KR} 30. Kd3 Kf8 {[#]} (30... Re6 $16) 31. b5 ({White has to play} 31. Rf6 $1 $18) 31... f5 {[#]} 32. g3 ({White should play} 32. Rc1 $1 $16) 32... Ke7 $11 33. a4 Kd7 34. a5 Kc7 35. Rb1 f4 $2 {This costs Black the game.} (35... Kc8 $1 $11 {and Black stays safe.}) 36. gxf4 $18 Rxf4 37. b6+ axb6 38. axb6+ ({Resist} 38. cxb6+ Kc6) 38... Kc6 39. Re1 {Black must now prevent Re7.} Rf3+ 40. Re3 Rf2 (40... Rf7 41. Re5 h5) 41. Re7 {White is clearly winning.} Rxh2 42. Rc7+ Kb5 43. Rxb7 {Strongly threatening Rc7.} Rh3+ 44. Ke2 {And now Rc7 would win.} Rh4 45. Rc7 {White wants to mate with b7.} Rh2+ 46. Kf3 {Weighted Error Value: White=0.11 (very precise) /Black=0.31.  Loses game:     	---       	Black=1      Mistake:       	White=2     	Black=3      Inaccurate:     	White=2     	Black=3      OK:         	White=14    	Black=18     Best:        	White=6     	Black=2      Strong:       	White=2     	Black=1} 1-0

[Event "45th FIDE Olympiad 2024"]
[Site "Budapest"]
[Date "2024.09.11"]
[Round "1.115"]
[White "Gavarrete, Joel"]
[Black "Kazakouski, Valery"]
[Result "0-1"]
[ECO "B59"]
[WhiteElo "2059"]
[BlackElo "2577"]
[Annotator "TA"]
[PlyCount "86"]
[EventDate "2024.09.05"]
[EventType "team-tourn"]
[EventCountry "HUN"]
[SourceTitle "playchess.com"]
[Source "ChessBase"]
[SourceQuality "1"]
[WhiteTeam "Honduras"]
[BlackTeam "Lithuania"]
[WhiteTeamCountry "HON"]
[BlackTeamCountry "LTU"]
[TimeControl "40/5400+30:1800+30"]

1. e4 c5 2. Nf3 Nc6 3. d4 cxd4 4. Nxd4 Nf6 5. Nc3 d6 6. Be2 e5 7. Nb3 Be7 8. Be3 Be6 9. O-O O-O 10. Kh1 a5 11. Nd2 Rb8 12. a4 d5 13. exd5 {White is slightly better.} Nxd5 14. Nxd5 Qxd5 15. Bc4 Qd7 16. c3 {Prevents Nb4.} Bxc4 17. Nxc4 Qe6 18. Qe2 (18. Qb3 $5) 18... e4 19. Rfe1 f5 20. Bf4 Rbe8 21. f3 Bc5 22. Rad1 Qf7 {White must now prevent ...exf3.} 23. Nd6 Bxd6 24. Bxd6 exf3 25. Qxf3 Rxe1+ 26. Rxe1 Rd8 {Black is weak on the dark squares} 27. Bf4 h6 28. h4 Qc4 29. Bg3 Rf8 30. Qe2 (30. Qd1 $11) 30... Qxa4 $15 {Black is more active.} 31. Qe6+ Kh7 32. c4 {This costs White the game.} (32. Qe3 $17) 32... Qb3 $19 33. Bd6 Rf6 34. Qd5 Qxb2 35. Re8 {h5 is the strong threat.} Qa1+ 36. Kh2 {[#] Intending h5 and mate.} Qd4 $1 37. Qg8+ $2 (37. Bg3) 37... Kg6 38. Bg3 f4 39. h5+ Kxh5 40. Be1 Kg6 {Threatens to win with ...f3.} 41. Bh4 Ne5 (41... Rd6 42. Re6+ Rxe6 43. Qxe6+ Kh5 44. Be1 $19) 42. Bxf6 {[#]} (42. Qd5 $19 Qxd5 (42... Qxc4 43. Qxe5 Rf7 44. Qxa5 $14) 43. cxd5) 42... Ng4+ 43. Kh3 Qd3+ {Weighted Error Value: White=0.57/Black=0.18 (very precise) .  Mistake:       	White=4     	---        Inaccurate:     	White=4     	Black=2      OK:         	White=9     	Black=14     Best:        	White=1     	Black=6      Strong:       	---       	Black=1} 0-1

[Event "45th FIDE Olympiad 2024"]
[Site "Budapest"]
[Date "2024.09.11"]
[Round "1.116"]
[White "Pidluznij, Gleb"]
[Black "Soliz Gabarrete, Luis Fernando"]
[Result "1-0"]
[ECO "B10"]
[WhiteElo "2425"]
[BlackElo "1920"]
[Annotator "TA"]
[PlyCount "69"]
[EventDate "2024.09.05"]
[EventType "team-tourn"]
[EventCountry "HUN"]
[SourceTitle "playchess.com"]
[Source "ChessBase"]
[SourceQuality "1"]
[WhiteTeam "Lithuania"]
[BlackTeam "Honduras"]
[WhiteTeamCountry "LTU"]
[BlackTeamCountry "HON"]
[TimeControl "40/5400+30:1800+30"]

1. e4 c6 2. Nf3 d5 3. d3 Bg4 4. h3 Bh5 5. Nbd2 Nd7 6. d4 dxe4 7. Nxe4 Ngf6 8. Ng3 {White has an edge.} Bg6 9. Nh4 Qc7 10. Nxg6 hxg6 11. Be2 O-O-O 12. c3 e5 13. dxe5 Nxe5 14. Qa4 Nd3+ (14... Bc5 $17 {aiming for ...Nd3+.} 15. O-O Rhe8) 15. Bxd3 $11 Rxd3 16. Qxa7 Qe5+ 17. Ne2 $1 Nd5 {[#] Prevents Bf4. Hoping for ...Bd6.} 18. Qa8+ Kc7 {[%cal Of8b4] White must now prevent ...Bb4!} 19. Qa5+ Kc8 $2 {[%mdl 8192] White leaves nothing to chance now.} (19... Kd7 $1 $11 20. Qa8 Kc7 21. Qa5+ Kd7) 20. Bf4 $1 $18 Qe6 (20... Qf5 $142 21. Qa8+ Kd7 22. Qxb7+ Kd8) 21. Qa8+ Kd7 22. Qxb7+ Kd8 23. Qb8+ Kd7 $2 (23... Qc8 {might work better.} 24. Nd4 Qxb8 (24... Rxd4 $2 25. cxd4 Bb4+ 26. Kf1 $18) 25. Bxb8 (25. Nxc6+ Kc8 $18) 25... Kd7) 24. Qb7+ Kd8 25. Bg3 {White is clearly winning.} g5 {[#]} 26. O-O $1 Rh6 (26... Be7 27. Qa6) 27. Nd4 Qc8 28. Qxf7 Rf6 29. Qh5 c5 30. Qxg5 Qd7 31. Nf3 Rdxf3 32. gxf3 Kc8 33. Rad1 Rf5 34. Qg6 Bd6 35. Qxd6 {Weighted Error Value: White=0.77/Black=0.93.  Loses game:     	---       	Black=1      Mistake:       	---       	Black=3      Inaccurate:     	White=2     	Black=1      OK:         	White=3     	Black=5      Best:        	White=2     	Black=3      Strong:       	White=2     	---} 1-0

[Event "45th FIDE Olympiad 2024"]
[Site "Budapest"]
[Date "2024.09.11"]
[Round "1.117"]
[White "Andersen, Mads"]
[Black "Paiva, Donaldo"]
[Result "1-0"]
[ECO "B15"]
[WhiteElo "2598"]
[BlackElo "2139"]
[Annotator "TA"]
[PlyCount "63"]
[EventDate "2024.09.05"]
[EventType "team-tourn"]
[EventCountry "HUN"]
[SourceTitle "playchess.com"]
[Source "ChessBase"]
[SourceQuality "1"]
[WhiteTeam "Denmark"]
[BlackTeam "Mozambique"]
[WhiteTeamCountry "DEN"]
[BlackTeamCountry "MOZ"]
[TimeControl "40/5400+30:1800+30"]

1. e4 c6 2. d4 d5 3. Nc3 dxe4 4. Nxe4 Nf6 5. Nxf6+ exf6 6. Be3 Bd6 7. Bd3 O-O 8. Ne2 Re8 {The position is equal.} 9. O-O Nd7 10. c4 Nf8 11. Qc2 Qc7 12. h3 Be6 13. Rad1 Rac8 14. Rfe1 Ng6 15. Nc3 Qd7 16. Bf1 Bf5 17. Qa4 Bb8 {Hoping for ...Nh4.} 18. d5 {next c5 is good for White.} Qd6 19. g3 (19. Bxa7 $2 Qh2#) 19... c5 $2 {[#] This costs Black the game.} (19... cxd5 $14 20. Bc5 (20. Rxd5 Qe6 $16) (20. cxd5 Ne5 $11) (20. Nxd5 Qc6 $14) 20... Qc6 21. Qxc6 (21. cxd5 $2 Qxa4 22. Nxa4 Bd7 $19) 21... bxc6) 20. Bxc5 $1 $18 Qd7 21. Rxe8+ (21. Bxa7 $2 Qxa4 (21... Bxh3 $2 22. Bxh3 Qxa4 23. Nxa4 $18) 22. Nxa4 Rxe1 (22... Bxa7 $2 23. Rxe8+ Rxe8 24. Nc3 $17) 23. Rxe1 Bxa7 $19) 21... Rxe8 22. Qxd7 (22. Bxa7 $2 {perishes.} Qxa4 (22... Bxh3 23. Bxh3 Qxa4 24. Nxa4 $18) 23. Nxa4 Bxa7 $17) 22... Bxd7 23. Bd4 h5 24. c5 Be5 25. b4 ({Resist} 25. Bxe5 Nxe5 26. f4 Ng6 $18) 25... h4 26. Bxe5 fxe5 27. b5 hxg3 28. fxg3 Rd8 (28... Rc8 $142 29. c6 bxc6) 29. c6 {White is clearly winning.} Be8 30. c7 Rc8 31. d6 Bd7 32. Bg2 {Weighted Error Value: White=0.08 (flawless) /Black=0.43.  Loses game:     	---       	Black=1      Mistake:       	---       	Black=1      Inaccurate:     	White=2     	Black=3      OK:         	White=13    	Black=4      Best:        	White=2     	---        Brilliant:      	White=1     	---} 1-0

[Event "45th FIDE Olympiad 2024"]
[Site "Budapest"]
[Date "2024.09.11"]
[Round "1.118"]
[White "Andrade, Ivan"]
[Black "Thybo, Jesper Sondergaard"]
[Result "0-1"]
[ECO "C60"]
[WhiteElo "2132"]
[BlackElo "2555"]
[Annotator "TA"]
[PlyCount "99"]
[EventDate "2024.09.05"]
[EventType "team-tourn"]
[EventCountry "HUN"]
[SourceTitle "playchess.com"]
[Source "ChessBase"]
[SourceQuality "1"]
[WhiteTeam "Mozambique"]
[BlackTeam "Denmark"]
[WhiteTeamCountry "MOZ"]
[BlackTeamCountry "DEN"]
[TimeControl "40/5400+30:1800+30"]

1. e4 e5 2. Nf3 Nc6 3. Bb5 g6 4. O-O Bg7 5. Re1 a6 6. Bxc6 dxc6 7. d3 c5 8. Bg5 {The position is equal.} Ne7 9. a4 a5 10. Na3 b6 11. Nc4 h6 12. Bh4 f6 13. Bg3 O-O 14. h3 Be6 15. Qe2 Qd7 16. b3 Rad8 17. Rad1 Nc6 18. c3 Rfe8 19. Qc2 Qf7 20. Nfd2 g5 21. Ne3 Rd7 22. Ndc4 Ne7 23. f3 Red8 24. Bh2 h5 25. g4 Bf8 26. Kf2 ({White should try} 26. Nf5 $15) 26... Ng6 27. Ke2 (27. Rh1 $15) 27... Qh7 (27... hxg4 $17 28. hxg4 Bxc4 29. Nxc4 Rb8) 28. Rh1 $15 Qh8 {And now ...Rh7 would win.} 29. Bg3 (29. Kf2 $15) 29... Rh7 30. Qb1 Rdd7 ({Black should play} 30... Nf4+ $17 31. Bxf4 exf4) 31. Rdg1 (31. Nf5 $15) 31... Nf4+ $17 32. Bxf4 exf4 33. Ng2 {[#]} hxg4 (33... Bg7 $142 $1 34. Qf1 Bxc4 35. bxc4 Kf7 (35... f5 36. gxf5 Kf8 37. h4 $14)) 34. hxg4 Rh2 35. Rxh2 Qxh2 36. Qf1 {White is weak on the dark squares} Rh7 37. Nd2 (37. Qf2 $142) 37... c6 {Black has more active pieces.} 38. Qf2 b5 39. axb5 cxb5 40. Ra1 Ra7 41. b4 $2 {[%mdl 8192] White does not recover from this.} cxb4 $1 $19 {Black is clearly winning.} 42. cxb4 Bxb4 {[#] ...Rc7 is the strong threat.} 43. Nf1 Qh7 44. Qb6 Qd7 {Threatens to win with ...Rc7.} 45. Qb8+ Bf8 {White must now prevent ...Qd4.} 46. Rc1 Rb7 47. Qa8 Rc7 48. Rxc7 Qxc7 49. Qe8 Bf7 50. Qa8 {Weighted Error Value: White=0.56/Black=0.16 (very precise) .  Loses game:     	White=1     	---        Mistake:       	White=5     	Black=3      Inaccurate:     	White=1     	Black=2      OK:         	White=11    	Black=14     Best:        	White=4     	Black=1      Strong:       	---       	Black=1} 0-1

[Event "45th FIDE Olympiad 2024"]
[Site "Budapest"]
[Date "2024.09.11"]
[Round "1.119"]
[White "Olsen, Filip Boe"]
[Black "Jamal, Hamid Harmon Gulamo"]
[Result "1-0"]
[ECO "E71"]
[WhiteElo "2441"]
[BlackElo "1959"]
[Annotator "TA"]
[PlyCount "79"]
[EventDate "2024.09.05"]
[EventType "team-tourn"]
[EventCountry "HUN"]
[SourceTitle "playchess.com"]
[Source "ChessBase"]
[SourceQuality "1"]
[WhiteTeam "Denmark"]
[BlackTeam "Mozambique"]
[WhiteTeamCountry "DEN"]
[BlackTeamCountry "MOZ"]
[TimeControl "40/5400+30:1800+30"]

1. d4 Nf6 2. c4 g6 3. Nc3 Bg7 4. e4 d6 5. h3 O-O 6. Be3 e5 7. d5 a5 8. g4 Na6 9. Nge2 Nd7 10. Qd2 {White is slightly better.} Ndc5 11. Ng3 c6 12. Be2 cxd5 13. cxd5 Bd7 14. h4 Rb8 15. Nb5 Qb6 16. Na3 Qb4 {[#]} 17. Nc4 $1 Qxd2+ (17... b5 $14 18. Nxa5 (18. Nxd6 Rb6 $11) 18... Qa4) 18. Kxd2 $16 b5 19. Nxa5 f5 {[#]} (19... Rfc8 $16) 20. gxf5 $1 $18 gxf5 21. exf5 e4 (21... Nb4 $16) 22. Rhg1 {Hoping for Nh5.} Kh8 23. Nc6 {Dodges Nb4} Bxc6 24. dxc6 d5 $2 (24... Be5 {was worth a try.} 25. f4 exf3) 25. Bf4 Rb6 26. c7 d4 $2 (26... Rc8 27. Rac1 Bxb2) 27. Nh5 Bh6 28. Bxh6 Rxh6 29. Rac1 d3 30. Bg4 Rc6 31. f6 (31. f3 Rxc7 32. f6 (32. fxe4 Nxe4+ 33. Ke3 Re7 $11) 32... Re8 $18) 31... Rxc7 32. Bf5 {Black must now prevent Rg7.} b4 (32... Nb7 $142 33. Rxc7 (33. Bxe4 Nd6 $18) 33... Nxc7 34. Bxe4 Nd6 35. Bxd3 (35. Kxd3 Rd8 $18) 35... Nce8) 33. Rg7 Rcf7 34. Rc4 (34. Bxh7 Rxf6 35. Nxf6 Kxg7 36. Nxe4 Nd7 $16) 34... Rxf6 35. Rxh7+ (35. Bxe4 Rxf2+ 36. Kd1 Rf1+ (36... Rxb2 37. Rxh7+ Kg8 38. Rg7+ Kh8 39. Rh7+ Kg8 40. Rg7+ Kh8 41. Rh7+ $11) 37. Kd2 R8f2+ 38. Ke3 Re2+ (38... Rxb2 $2 39. Bxd3 Re1+ 40. Kf3 $18) 39. Kd4 Rxe4+ 40. Kd5 d2 (40... Rf5+ $2 41. Kc6 $19) 41. Kc6 d1=Q (41... d1=B $2 42. Rxe4 Nxe4 43. Ra7 $19) (41... Rxc4 42. Re7 $19) 42. Rxe4 Nxe4 43. Rd7 Nb8+ (43... Qxh5 44. Rd8+ Kg7 45. Rd7+ Kh6 46. Rd6+ Nxd6 47. Kxd6 Qc5+ 48. Ke6 Re1+ 49. Kf7 Qh5+ 50. Kg8 Qe8#) 44. Kb6 Nxd7+ (44... Qxd7 45. Ng7 Rf6+ 46. Ne6 Rxe6+ 47. Ka5 Ra6+ 48. Kxb4 Qa4#) 45. Kc6 Qd6+ (45... Qxh5 46. Kb7 Qc5 47. a4 Nd6+ 48. Ka8 Rf8#) 46. Kb5 Qc5+ 47. Ka4 Nb6+ 48. Kb3 Rf3#) 35... Kg8 36. Nxf6+ Rxf6 {Loses the game.} 37. Rh5 {White is clearly winning.} ({Not} 37. Bxe4 Nxe4+ (37... Rxf2+ $2 38. Ke3 $19) 38. Rxe4 Kxh7 39. Re7+ Kh8 40. Kxd3 b3 $11 (40... Rxf2 41. Ra7 $11)) 37... Kf8 38. Rd4 Rf7 39. Rh8+ Ke7 40. Rh7 {Weighted Error Value: White=0.25 (precise) /Black=0.58.  Mistake:       	---       	Black=6      Inaccurate:     	---       	Black=1      OK:         	White=10    	Black=9      Best:        	White=4     	Black=2      Strong:       	White=1     	---} (40. Bxe4 Rxf2+ 41. Ke3 Re2+ 42. Kf3 Nxe4 $11) 1-0

[Event "45th FIDE Olympiad 2024"]
[Site "Budapest"]
[Date "2024.09.11"]
[Round "1.120"]
[White "Joao, Farisse"]
[Black "Ramsdal, Jens Albert"]
[Result "1-0"]
[ECO "D40"]
[WhiteElo "1851"]
[BlackElo "2328"]
[Annotator "TA"]
[PlyCount "119"]
[EventDate "2024.09.05"]
[EventType "team-tourn"]
[EventCountry "HUN"]
[SourceTitle "playchess.com"]
[Source "ChessBase"]
[SourceQuality "1"]
[WhiteTeam "Mozambique"]
[BlackTeam "Denmark"]
[WhiteTeamCountry "MOZ"]
[BlackTeamCountry "DEN"]
[TimeControl "40/5400+30:1800+30"]

1. c4 Nf6 2. Nf3 e6 3. Nc3 d5 4. d4 c5 5. e3 a6 6. b3 cxd4 7. exd4 Bb4 8. Bd2 {Black is slightly better.} dxc4 9. bxc4 O-O 10. Qb3 Ba5 11. Bd3 {[#]} e5 $1 12. Ne4 Nxe4 (12... exd4 $6 13. Nxf6+ gxf6 14. O-O $14) 13. Bxe4 Bxd2+ 14. Nxd2 Qxd4 15. Rd1 Nd7 16. O-O Nf6 17. Rfe1 Qc5 18. Bd5 Bg4 $36 {[%mdl 2048] Black has some pressure.} 19. Rc1 (19. Rb1 $11) 19... Rad8 $17 20. Qg3 Qc7 (20... Nxd5 {is more complex.} 21. Ne4 Qb6 22. cxd5 Rxd5 23. Qxg4 f5) 21. Nf1 Rfe8 22. Ne3 Bc8 23. Qh4 Qe7 24. Qg3 Nh5 25. Qf3 Nf4 26. Rcd1 {Repels Nd3} b6 27. Bc6 Rxd1 28. Rxd1 Rd8 29. Nd5 $1 Nxd5 30. cxd5 Qd6 31. Rc1 g6 32. Qe3 b5 33. h4 Kg7 34. Qb6 (34. h5 $1 $11) 34... h5 35. Re1 Re8 (35... Rd7 $1 $17) 36. f4 (36. Qa5 $11 {remains equal.} Re7 37. a4) 36... f6 $1 (36... exf4 $2 37. Qd4+ $18 (37. Rxe8 Qb4 $18) (37. Rxe8 Qb4 $18)) 37. Qa7+ Re7 38. fxe5 fxe5 39. Qe3 Bf5 40. Rf1 Rf7 (40... e4 {feels hotter.} 41. a3 Rc7 42. Rc1 Qe5) 41. Re1 Re7 42. Rf1 $1 Bd7 (42... Kh7 $17) 43. Qf2 $1 $11 Kh7 (43... Bf5 44. Qg3 Be4 45. Rd1 $17) 44. Qf8 Bf5 45. Be8 {Black must now prevent Bf7.} Qb6+ (45... Qc7 $11) 46. Kh1 (46. Kh2 $16 Rg7 (46... Qd6 $2 47. Bf7 $18) 47. Rxf5 gxf5 48. Bd7 (48. Qxf5+ Kg8 $11) 48... Rxd7 (48... Qg6 $2 49. Bxf5 a5 50. Bxg6+ $18) 49. Qxf5+ Kg8 50. Qxd7) 46... Rg7 47. d6 Qd4 48. Qf6 Qg4 49. Bf7 {[#]} (49. Qxe5 $11 {keeps the balance.} Qxh4+ 50. Kg1) 49... Be4 (49... e4 $1 $17 50. Bd5 e3) 50. Rf2 $1 {Dancing on a razor blade.} Bd5 {[%mdl 8192] Prevents Be6.} 51. Be8 $2 (51. Bxd5 $18 {[%cal Od5e6] Be6! is the strong threat.} Qd1+ 52. Kh2 Qxd5 53. Rc2) 51... Be6 $1 $14 52. Qxe5 {aiming for Rf4.} Qxh4+ 53. Kg1 Qg4 {[#]} ({Black should try} 53... Bf5 $1 $14) 54. Rf8 $2 (54. Rf4 $1 $18 Qd1+ 55. Kh2) 54... h4 $2 (54... Bf5 $1 $14) 55. Rf4 $18 Qd1+ (55... Qg3 56. Qe4 Kh6 57. Rxh4+ Kg5) 56. Kh2 g5 57. Rd4 Qf1 58. Qxe6 {White mates.} Qf2 59. Qe4+ Kh6 60. d7 {Weighted Error Value: White=0.28 (precise) /Black=0.35.  Loses game:     	---       	Black=3      Missed win:     	White=2     	---        Mistake:       	White=5     	Black=5      Inaccurate:     	White=2     	Black=4      OK:         	White=15    	Black=18     Best:        	White=4     	Black=4      Strong:       	White=4     	Black=2} 1-0

[Event "45th FIDE Olympiad 2024"]
[Site "Budapest"]
[Date "2024.09.11"]
[Round "1.121"]
[White "Cogan, Nicolas"]
[Black "Dragnev, Valentin"]
[Result "0-1"]
[ECO "A49"]
[WhiteElo "2112"]
[BlackElo "2556"]
[Annotator "TA"]
[PlyCount "66"]
[EventDate "2024.09.05"]
[EventType "team-tourn"]
[EventCountry "HUN"]
[SourceTitle "playchess.com"]
[Source "ChessBase"]
[SourceQuality "1"]
[WhiteTeam "Cote d/^Ivoire"]
[BlackTeam "Austria"]
[BlackTeamCountry "AUT"]
[TimeControl "40/5400+30:1800+30"]

1. d4 Nf6 2. Nf3 g6 3. g3 Bg7 4. Bg2 O-O 5. O-O d6 6. a4 Nc6 7. Nc3 e5 8. dxe5 dxe5 {The position is equal.} 9. Be3 Bf5 10. Bc5 Re8 11. Nd2 e4 12. Nc4 Nd7 13. Be3 Be6 {[#] Strongly threatening ...Bxc3.} 14. Nd2 f5 15. f3 Nde5 16. Kh1 exf3 17. exf3 Qe7 18. Qe2 ({White should try} 18. Re1) 18... Rad8 19. Qf2 b6 20. h3 Na5 21. Rad1 Qb4 22. f4 (22. Nb5 $1 $15) 22... Nec4 $17 {Black is much more active.} (22... Qxb2 23. Nb5 Nf7 24. Nxc7 $16 (24. Nxa7 Bd5 $17)) 23. Nxc4 Nxc4 24. Nd5 Bxd5 (24... Qxb2 $2 {perishes.} 25. Nxc7 (25. Bc1 Qa2 $18) 25... Nxe3 26. Rxd8 Rxd8 27. Nxe6 Nxf1 28. Nxd8 Nxg3+ 29. Qxg3 $18) (24... Qxa4 $2 25. b3 (25. Nxc7 Nxe3 26. Rxd8 Rxd8 $11) 25... Qa2 26. Nxc7 (26. bxc4 Qxc4 $18) 26... Nxe3 27. Qxe3 $18) 25. Rxd5 Nxb2 26. Rb1 (26. a5 $17) 26... Qxa4 $19 {Hoping for ...Qa2.} 27. g4 $2 (27. Kh2) 27... Qa2 {[%csl LRb1,LRd5] Black is clearly winning.} 28. Qf1 Rxd5 29. Ra1 {[#]} Rxe3 30. Rxa2 Rd1 31. Qxd1 Nxd1 32. Rxa7 Re1+ 33. Kh2 Re2 {Weighted Error Value: White=0.42/Black=0.10 (very precise) .  Mistake:       	White=4     	---        Inaccurate:     	White=4     	Black=1      OK:         	White=8     	Black=13     Best:        	White=2     	Black=2} 0-1